 Dungeon Crawl Stone Soup version 0.18.1-6-gd335043 (webtiles) character file.

108 tyvek the Shield-Bearer (level 5, -5/42 HPs)
             Began as a Formicid Fighter on May 20, 2016.
             Killed by divine providence
             ... invoked by an orc priest
              (10 damage)
             ... on level 3 of the Dungeon.
             The game lasted 00:05:08 (1720 turns).

tyvek the Shield-Bearer (Formicid Fighter)          Turns: 1720, Time: 00:05:09

Health: -5/42      AC:  8    Str: 21    XL:     5   Next: 12%
Magic:  5/5        EV:  8    Int: 11    God:
Gold:   227        SH: 13    Dex: 10    Spells: 0 memorised, 4 levels left

rFire  + . .     SeeInvis +     a - +0 war axe
rCold  . . .     Gourm    .     b - +0 scale mail
rNeg   . . .     Faith    .     c - +1 shield
rPois  .         Spirit   .     (helmet unavailable)
rElec  .         Dismiss  .     l - +0 cloak
rCorr  .         Reflect  +     (no gloves)
SustAt .         Harm     .     (no boots)
MR     .....                    o - +3 amulet of reflection
Stlth  ..........               v - +3 ring of intelligence
                                e - ring of protection from fire {rF+, !d}

@: not resistant to hostile enchantments, extremely unstealthy
A: permanent stasis, dig shafts and tunnels, four strong arms, antennae 3
a: Dig, Shaft Self


You were on level 3 of the Dungeon.
You were not hungry.

You visited 1 branch of the dungeon, and saw 3 of its levels.

You collected 227 gold pieces.

Inventory:

Hand Weapons
 a - a +0 war axe (weapon)
Armour
 b - a +0 scale mail (worn)
 c - a +1 shield (worn)
 l - a +0 cloak (worn)
   (You found it on level 2 of the Dungeon)
Jewellery
 e - a ring of protection from fire (left hand) {rF+, !d}
   (You found it on level 2 of the Dungeon)
 o - a +3 amulet of reflection (around neck)
   (You found it on level 2 of the Dungeon)
 v - a +3 ring of intelligence (right hand)
   (You found it on level 3 of the Dungeon)
Wands
 p - a wand of lightning (5/15)
   (You found it on level 2 of the Dungeon)
Scrolls
 m - a scroll of remove curse
 s - a scroll of identify
 t - a scroll of magic mapping {unknown}
Potions
 d - 3 potions of might
 j - 3 potions of curing {unknown}
 q - a potion of invisibility {unknown}
 r - a potion of cure mutation {unknown}
 u - a potion of flight {unknown}
Comestibles
 f - a bread ration {@e1}
 g - a royal jelly
 h - 6 fruits
 k - 9 chunks of flesh {@w0}
 n - a slice of pizza


   Skills:
 + Level 3.8 Fighting
 * Level 3.2 Axes
 + Level 4.1 Armour
 + Level 4.6 Shields


You had 4 spell levels left.
You didn't know any spells.

Dungeon Overview and Level Annotations

Branches:
Dungeon (3/15)

Altars:
Fedhas
Ru
Yredelemnul
The Shining One


Innate Abilities, Weirdness & Mutations

You are under a permanent stasis effect.
You can dig through walls and to a lower floor.
Your four strong arms can wield two-handed weapons with a shield.
You have a pair of large antennae on your head (SInv).


Message History

You closely miss the hobgoblin. The hobgoblin barely misses you.
You closely miss the hobgoblin.
The hobgoblin hits you but does no damage.
You slash the hobgoblin!
You kill the hobgoblin!
No target in view!
No target in view!
No target in view!
You see here a hobgoblin corpse.
You butcher the hobgoblin corpse.
k - 4 chunks of flesh {@w0} (gained 2)
k - 5 chunks of flesh {@w0} (gained 1)
You now have 227 gold pieces (gained 16).
A worm comes into view.
A worm is nearby!
You slash the worm! You block the worm's attack.
You hit the worm but do no damage. You block the worm's attack.
You hit the worm. The worm bites you.
You take 3 damage, and have 34/37 hp.
You slash the worm!
You kill the worm!
You have reached level 5!
You regained 5 hp, and now have 39/42 hp.
MP restored: 5 You see here a worm corpse.
You butcher the worm corpse.
k - 6 chunks of flesh {@w0} (gained 1)
A rat comes into view.
You regained 2 hp, and now have 41/42 hp.
A rat is nearby!
The rat bites you.
You take 3 damage, and have 38/42 hp.
You hit the rat but do no damage. The rat bites you but does no damage.
You hit the rat.
You kill the rat!
No target in view!
No target in view!
No target in view!
You see here a rat corpse.
You see here a rat corpse.
You butcher the rat corpse.
k - 7 chunks of flesh {@w0} (gained 1)
You sense a monster nearby.
You regained 2 hp, and now have 41/42 hp.
A worm comes into view.
You block the worm's attack.
Health restored: 42 You barely miss the worm.
You block the worm's attack.
You hit the worm. The worm bites you but does no damage.
You hit the worm. You hit the worm. The worm completely misses you.
You slash the worm!
You kill the worm!
No target in view!
No target in view!
No target in view!
You see here a worm corpse.
You butcher the worm corpse.
k - 9 chunks of flesh {@w0} (gained 2) 2 orcs come into view.
The orc shouts! x2
An orc wizard comes into view. It is wielding a dagger.
An orc priest comes into view. It is wielding a hand axe.
The orc priest shouts!
The orc wizard shouts!
The orc wizard gestures wildly while chanting.
The orc wizard blinks!
The orc priest invokes the aid of Beogh against you.
Beogh smites you! You block the orc's attack.
You take 16 damage, and have 26/42 hp.
MASSIVE DAMAGE!!
You slash the orc!
You kill the orc!
You hit the orc. You block the orc's attack.
You barely miss the orc. The orc hits you but does no damage.
You hit the orc.
You kill the orc!
You slash the orc priest!
The orc wizard gestures wildly while chanting.
The orc wizard blinks!
You block the orc priest's attack.
You hit the orc priest.
The orc priest hits you with a hand axe.
The orc wizard points at you and mumbles some strange words.
The magic dart hits you!
You take 9 damage, and have 17/42 hp.
MASSIVE DAMAGE!!
You are too injured to fight recklessly!
You are too injured to fight recklessly!
You hit the orc priest but do no damage.
You block the orc priest's attack.
The orc wizard points at you and mumbles some strange words.
The magic dart hits you!
* * * LOW HITPOINT WARNING * * *
The orc priest hits you with a hand axe.
* * * LOW HITPOINT WARNING * * *
You take 12 damage, and have 5/42 hp.
MASSIVE DAMAGE!!
You closely miss the orc priest.
The orc priest calls down the wrath of Beogh upon you.
Beogh smites you!
You die...

#.............
#.#...###.....
#.........#..
#####.#####
#########.#
#.........#
#.#######.#
#####.#
#.o..@#
#.....)o#
#.#.##..# #
#..# !..#
..... ##.## #.


You could see an orc priest and an orc wizard.

Vanquished Creatures
  Crazy Yiuf (D:2)
  3 worms
  3 dart slugs
  2 giant geckos
  3 orcs (D:3)
  A ball python (D:1)
  4 bats
  3 giant cockroaches
  8 goblins
  8 hobgoblins
  6 jackals (D:1)
  7 kobolds
  A quokka (D:2)
  4 rats
54 creatures vanquished.

Notes
Turn   | Place    | Note
--------------------------------------------------------------
     0 | D:1      | tyvek the Formicid Fighter began the quest for the Orb.
     0 | D:1      | Reached XP level 1. HP: 18/18 MP: 1/1
     1 | D:1      | You fall through a shaft!
    62 | D:1      | Reached XP level 2. HP: 22/24 MP: 2/2
   195 | D:1      | Reached XP level 3. HP: 26/29 MP: 3/3
   413 | D:1      | Reached skill level 4 in Shields
   619 | D:2      | Found a sacrificial altar of Ru.
   757 | D:2      | Found a basalt altar of Yredelemnul.
   793 | D:2      | Found a glowing golden altar of the Shining One.
   858 | D:2      | Reached XP level 4. HP: 35/35 MP: 4/4
  1104 | D:2      | Noticed Crazy Yiuf
  1113 | D:2      | Killed Crazy Yiuf
  1113 | D:2      | Reached skill level 3 in Axes
  1113 | D:2      | Reached skill level 4 in Armour
  1369 | D:3      | Found a faded altar to an unknown god.
  1594 | D:3      | Found a blossoming altar of Fedhas.
  1661 | D:3      | Reached XP level 5. HP: 39/42 MP: 5/5
  1719 | D:3      | HP: 8/42 [orc wizard/magic dart (9)]
  1720 | D:3      | Killed from afar by an orc priest

Skill      XL: |  1  2  3  4 |
---------------+-------------+-----
Shields        | 4 |  4.6
Axes           | 3 |  3.2
Armour         | 4 |  4.1
Fighting       | |  3.8

Action                   |  1- 3 |  4- 6 || total
-------------------------+-------+-------++-------
Melee: War axe           |    81 |    72 ||   153
 Abil: Dig               |     1 |       ||     1
  Use: Scroll            |     5 |       ||     5
  Eat: Chunk             |       |     3 ||     3
Armor: Scale mail        |    35 |    16 ||    51
Dodge: Dodged            |    36 |    11 ||    47
Block: Shield            |    53 |    45 ||    98
       Reflection        |     1 |       ||     1

Vault maps used:
D:1:      lightli_arrival_flooded_house, minmay_misc_feat_plants
D:2:      nicolae_overflow_hidden_temple, nicolae_ru_the_path_less_chosen,
          lemuel_round_altar, lemuel_round_altar, uniq_crazy_yiuf_cottage
D:3:      nicolae_ashenzari_panopticon, fedhas_altar_3, ecumenical_altar_1,
          serial_park_tiny_1

Table legend:
 A = Turns spent in this place as a percentage of turns spent in the entire game.
 B = Non-inter-level travel turns spent in this place as a percentage of non-inter-level travel turns spent in the entire game.
 C = Inter-level travel turns spent in this place as a percentage of turns spent in this place.
 D = Turns resting spent in this place as a percentage of non-inter-level travel turns spent in this place.
 E = Turns spent auto-exploring this place as a percentage of non-inter-level travel turns spent in this place.
 F = Non-inter-level travel turns spent in this place divided by the number of levels of this place that you've seen.
                   A       B       C       D       E      F
               +-------+-------+-------+-------+-------+----------------------
         Total | 100.0 | 100.0 |   0.7 |   0.0 |  16.4 | 198.7
       Dungeon | 100.0 | 100.0 |   0.7 |   0.0 |  16.4 | 198.7
               +-------+-------+-------+-------+-------+----------------------

Table legend:
 A = Kills in this place as a percentage of kills in entire the game.
 B = Kills by you in this place as a percentage of kills by you in the entire game.
 C = Kills by friends in this place as a percentage of kills by friends in the entire game.
 D = Other kills in this place as a percentage of other kills in the entire game.
 E = Experience gained in this place as a percentage of experience gained in the entire game.
 F = Experience gained in this place divided by the number of levels of this place that you have seen.
                   A       B       C       D       E      F
               +-------+-------+-------+-------+-------+----------------------
         Total | 100.0 | 100.0 |  -nan |  -nan | 100.0 |  51.7
       Dungeon | 100.0 | 100.0 |  -nan |  -nan | 100.0 |  51.7
               +-------+-------+-------+-------+-------+----------------------
